 Dungeon Crawl Stone Soup version 0.27.1-34-g3ba077fa99 (webtiles) character file.

Game seed: 5064878336878780488

252 Malroth the Stinger (level 6, -1/41 HPs)
             Began as a Merfolk Venom Mage on Jan 25, 2022.
             Slain by a black bear (6 damage)
             ... on level 4 of the Dungeon.
             The game lasted 00:44:48 (6450 turns).

Malroth the Stinger (Merfolk Venom Mage)            Turns: 6450, Time: 00:44:48

Health: -1/41      AC:  2    Str:  8    XL:     6   Next: 14%
Magic:  4/11       EV: 12    Int: 17    God:
Gold:   198        SH:  0    Dex: 14    Spells: 6/12 levels left

rFire    . . .     SeeInvis .   (no weapon)
rCold    . . .     Faith    .   (no shield)
rNeg     . . .     Spirit   .   a - +0 robe
rPois    .         Reflect  .   (no helmet)
rElec    .         Harm     .   (no cloak)
rCorr    .         Rampage  .   (no gloves)
Will     .....                  (no boots)
Stlth    ++........             (no amulet)
HPRegen  0.13/turn              (no ring)
MPRegen  0.12/turn              (no ring)

@: no status effects
A: (nimble swimmer 2), mertail
a: no special abilities


You were on level 4 of the Dungeon.
You visited 1 branch of the dungeon, and saw 4 of its levels.

You collected 198 gold pieces.

Inventory:

Missiles
 i - 2 throwing nets
Armour
 a - a +0 robe (worn)
Wands
 m - a wand of flame (6)
Scrolls
 b - a scroll of identify
 c - a scroll of summoning {unknown}
 e - a scroll of magic mapping
 h - a scroll of amnesia {unknown}
 j - a scroll of fear {unknown}
 k - a scroll of noise {unknown}
Potions
 d - 4 potions of curing
 f - a potion of degeneration {unknown}
 g - a potion of berserk rage {unknown}
 l - a potion of invisibility {unknown}


   Skills:
 - Level 2.6 Dodging
 - Level 2.1 Stealth
 + Level 3.6 Spellcasting
 + Level 0.0 Conjurations
 - Level 3.0 Transmutations
 - Level 2.0 Air Magic
 + Level 5.0 Poison Magic
 + Level 0.0 Evocations


You had 6 spell levels left.
You knew the following spells:

 Your Spells              Type           Power      Damage    Failure   Level
a - Sting                 Tmut/Pois      64%        1d6       3%          1
b - Poisonous Vapours     Pois/Air       30%        N/A       6%          2
c - Mephitic Cloud        Conj/Pois/Air  11%        N/A       19%         3

Your spell library contained the following spells:

 Spells                   Type           Power      Damage    Failure   Level
 Olgreb's Toxic Radiance  Pois           20%        N/A       21%         4


Dungeon Overview and Level Annotations

Branches:
Dungeon (4/15)
 Temple: D:4-7

Altars:
Xom

Shops:
D:2 :


Innate Abilities, Weirdness & Mutations

((You are quick and stealthy near water. (Stealth+, EV+, Speed+++)))
Your lower body shifts to a powerful aquatic tail in water.


Message History

The black bear looks even sicker.
The black bear is severely wounded.
The black bear goes berserk!
The black bear rages.
The black bear rages.
The black bear bites you. The black bear claws you.
The black bear closely misses you.
The black bear looks more healthy.
Casting: Sting (safe; 3% risk of failure)
Confirm with . or Enter, or press ? or * to list all spells.
Aiming: Sting (safe; 3% risk of failure)
Press: ? - help, Shift-Dir - straight line, f/p - black bear
Aim: a black bear (severely wounded, berserk, 81% to hit)
The sting hits the black bear but does no damage.
The black bear is poisoned.
The black bear is severely wounded.
The black bear bites you! The black bear closely misses you. x3
The black bear misses you. The black bear claws you.
The black bear closely misses you. The black bear claws you.
The black bear barely misses you. The black bear barely misses you.
The black bear closely misses you. The black bear claws you.
The black bear bites you but does no damage.
The black bear claws you.
* * * LOW HITPOINT WARNING * * *
The black bear claws you but does no damage.
Casting: Sting (safe; 3% risk of failure)
Confirm with . or Enter, or press ? or * to list all spells.
Aiming: Sting (safe; 3% risk of failure)
Press: ? - help, Shift-Dir - straight line, f/p - black bear
Aim: a black bear (almost dead, berserk, poisoned, 81% to hit)
The sting hits the black bear but does no damage.
The black bear looks even sicker.
The black bear is almost dead.
The black bear bites you.
* * * LOW HITPOINT WARNING * * *
The black bear claws you.
* * * LOW HITPOINT WARNING * * *
The black bear claws you.
You die...

#######....).......#
...................#
.....####+########+##
.....##.....##......#
.............#......#
.............'......#
.............#......#
####+##......#......#
......#......#รท.@...#
......+......#.h....#
......########......#
......).............#
........>.....###'###
..............#....#
..............#....#
..............#....#
......##########+###


You could see a black bear (berserk, poisoned).

Vanquished Creatures
  A bullfrog (D:4)
  An iguana (D:3)
  Natasha (twice) (D:3)
  4 adders
  4 dart slugs
  3 ball pythons
  3 endoplasms
  A giant cockroach (D:1)
  10 goblins
  7 hobgoblins
  10 jackals
  2 quokkas
  6 bats
  A frilled lizard (D:1)
  10 kobolds
  4 rats
69 creatures vanquished.

Notes
Turn   | Place    | Note
-------+----------+-------------------------------------------
     0 | D:1      | Malroth the Merfolk Venom Mage began the quest for the Orb.
     0 | D:1      | Reached XP level 1. HP: 13/13 MP: 3/3
   215 | D:1      | Reached XP level 2. HP: 19/19 MP: 1/5
   986 | D:1      | Reached XP level 3. HP: 20/24 MP: 1/6
  1036 | D:1      | Learned a level 2 spell: Poisonous Vapours
  1078 | D:1      | Found a faded altar of an unknown god.
  2183 | D:2      | Found a shimmering altar of Xom.
  2242 | D:2      | Found Otash's Book Shop.
  2892 | D:2      | Reached XP level 4. HP: 29/30 MP: 0/8
  3660 | D:2      | Reached skill level 1 in Air Magic
  3660 | D:2      | Reached skill level 4 in Poison Magic
  4607 | D:3      | Reached XP level 5. HP: 16/35 MP: 1/9
  4820 | D:3      | Noticed Natasha
  4832 | D:3      | Killed Natasha
  5149 | D:3      | Noticed Natasha
  5160 | D:3      | Killed Natasha
  5513 | D:4      | Noticed a phantom
  6157 | D:4      | Reached skill level 5 in Poison Magic
  6157 | D:4      | Reached XP level 6. HP: 21/41 MP: 3/11
  6315 | D:4      | Learned a level 3 spell: Mephitic Cloud
  6338 | D:4      | Noticed a black bear
  6450 | D:4      | Slain by a black bear

Illustrated notes

Levels and vault maps discovered:
D:1:      amcnicky_arrival_flooded_fountain, layout_basic,
          hellmonk_ecumenical_altar_arch_garden, grunt_decor_junction
D:2:      layout_basic, basic_altar, serial_shops, shop
D:3:      layout_loops_cross, chequers_serial_rivers_room_a, uniq_natasha
D:4:      layout_gridville

Skill      XL: |  1  2  3  4  5 |
---------------+----------------+-----
Transmutations | 2 3 |  3.0
Air Magic      | 1 2 |  2.0
Poison Magic   | 4 5 |  5.0
Spellcasting   | 3 |  3.6
Dodging        | |  2.6
Stealth        | |  2.1

Action                   |  1- 3 |  4- 6 || total
-------------------------+-------+-------++-------
 Cast: Sting             |    83 |    55 ||   138
       Poisonous Vapours |    14 |    30 ||    44
  Use: Scroll            |       |     2 ||     2
Armor: Robe              |    11 |     8 ||    19
Dodge: Dodged            |    44 |    36 ||    80
